 Dungeon Crawl Stone Soup version 0.21-a0-2-ge494091 (webtiles) character file.

54 DevlanMud the Grave Robber (level 3, -1/29 HPs)
             Began as a Ghoul Necromancer on May 20, 2017.
             Slain by an adder (5 damage)
             ... on level 2 of the Dungeon.
             The game lasted 00:06:45 (1733 turns).

DevlanMud the Grave Robber (Ghoul Necromancer)      Turns: 1733, Time: 00:06:46

Health: -1/29      AC:  3    Str: 12    XL:     3   Next: 91%
Magic:  0/5        EV: 11    Int: 10    God:
Gold:   75         SH:  0    Dex:  9    Spells: 2/6 levels left

rFire    . . .     SeeInvis .     - Unarmed
rCold    + . .     Gourm    .   (no shield)
rNeg     + + +     Faith    .   h - +0 leather armour
rPois    ∞         Spirit   .   (no helmet)
rElec    .         Reflect  .   (no cloak)
rCorr    .         Harm     .   (no gloves)
MR       .....                  (no boots)
Stlth    +.........             (no amulet)
Regen    0.0/turn               (no ring)
MPRegen  0.1/turn               (no ring)

@: very slightly contaminated, rotting
A: rotting body, claws 1, carnivore 3, cold resistance 1, negative energy
resistance 3, inhibited regeneration, torment resistance, unbreathing
a: no special abilities


You were on level 2 of the Dungeon.
You were not hungry.

You visited 1 branch of the dungeon, and saw 3 of its levels.

You collected 75 gold pieces.

Inventory:

Missiles
 q - 2 throwing nets (quivered)
Armour
 h - a +0 leather armour (worn)
Scrolls
 e - a scroll of fog
 f - a scroll of identify
 g - a scroll of random uselessness
 m - a scroll of remove curse
 o - 2 scrolls of recharging
Potions
 a - a potion of berserk rage {unknown}
 d - a potion of brilliance
 j - a potion of curing {unknown}
 k - a potion of haste {unknown}
 l - a potion of magic {unknown}
 n - a potion of agility
 p - a potion of heal wounds {unknown}
Books
 b - a book of Necromancy

   Spells                             Type                      Level
   a - Pain                           Necromancy                   1
   b - Animate Skeleton               Necromancy                   1
   c - Vampiric Draining              Necromancy                   3
   d - Regeneration                   Charms/Necromancy            3
   e - Animate Dead                   Necromancy                   4
   f - Control Undead                 Necromancy                   4
Comestibles
 c - 2 meat rations
 i - 4 chunks of flesh


   Skills:
 - Level 2.0 Fighting
 + Level 0.0 Armour
 - Level 1.7 Dodging
 - Level 2.1 Stealth
 * Level 2.5 Unarmed Combat
 - Level 2.0 Spellcasting
 - Level 4.0 Necromancy


You had 2 spell levels left.
You knew the following spells:

 Your Spells              Type           Power        Failure   Level  Hunger
a - Pain                  Necr           #...         8%          1    ##.....
b - Vampiric Draining     Necr           #.........   22%         3    ####...


Dungeon Overview and Level Annotations

Branches:
Dungeon (3/15)

Altars:


Innate Abilities, Weirdness & Mutations

Your body is rotting away.
You thrive on raw meat.
You are immune to poison.
You have sharp fingernails.
You are carnivorous and can eat meat at any time.
Your flesh is cold resistant. (rC+)
You are immune to negative energy. (rN+++)
You do not regenerate when monsters are visible.
You are immune to unholy pain and torment.
You can survive without breathing.


Message History

The adder is heavily wounded.
The adder misses you.
You scratch the adder.
The adder is almost dead.
The adder closely misses you. The adder barely misses you.
You closely miss the adder.
The adder is almost dead.
The adder bites you.
* * * LOW HITPOINT WARNING * * *
You miss the adder.
The adder is almost dead.
The adder closely misses you.
You barely miss the adder.
The adder is almost dead.
The adder bites you.
* * * LOW HITPOINT WARNING * * *
You scratch the adder but do no damage.
The adder is almost dead.
The adder bites you.
You die...

.##(# ##.# #.(.#
.##.#####..########## #...#
...(.......<........# #...#
#########...........# ##...#
#...........###....# ###
########...........##.#...####..
#...(......................##...
#.######................#..#....
#.# ##......@...#.####.......
#.# #......S...##.###.##....
##.# #.......................
...# #.######...###########..
#### #.#######.## ###
#.........# ###########


You could see an adder.

Vanquished Creatures
  An adder (D:2)
  A dart slug (D:2)
  2 leopard geckos (D:2)
  5 giant cockroaches
  4 goblins
  5 hobgoblins
  2 quokkas (D:2)
  A ball python (D:2)
  5 bats
  A frilled lizard (D:1)
  6 kobolds
  5 rats
38 creatures vanquished.

Notes
Turn   | Place    | Note
-------+----------+-------------------------------------------
     0 | D:1      | DevlanMud the Ghoul Necromancer began the quest for the Orb.
     0 | D:1      | Reached XP level 1. HP: 14/14 MP: 2/2
   542 | D:1      | Reached skill level 1 in Unarmed Combat
   632 | D:1      | Reached skill level 1 in Fighting
   632 | D:1      | Reached XP level 2. HP: 17/22 MP: 3/3
  1084 | D:2      | Reached XP level 3. HP: 25/29 MP: 4/4
  1368 | D:2      | Learned a level 3 spell: Vampiric Draining
  1733 | D:2      | Slain by an adder

Vault maps used:
D:1:      evilmike_arrival_hilbert_curve
D:3:      kennysheep_another_room, minmay_unequal

Skill      XL: |  1  2  3 |
---------------+----------+-----
Unarmed Combat | 1 2 |  2.5
Fighting       | 1 2 |  2.0
Spellcasting   | 2 |  2.0
Dodging        | |  1.7
Stealth        | |  2.1
Necromancy     | |  4.0

Action                   || total
-------------------------++-------
Melee: Unarmed           ||   182
 Cast: Pain              ||     8
  Use: Scroll            ||     5
       Potion            ||     2
 Stab: Sleeping          ||     3
  Eat: Chunk             ||    34
Armor: Leather armour    ||    45
       Robe              ||     2
Dodge: Dodged            ||   123
